 Dungeon Crawl Stone Soup version 0.32-a0-909-gc671339a80 (webtiles) character file.

Game seed: 11248119154358914247

400 whatisthis the Apothecary (level 6, -9/44 HPs)
             Began as a Gnoll Alchemist on Apr 6, 2024.
             Killed from afar by a white imp (11 damage)
             ... with a puff of frost
             ... on level 5 of the Dungeon.
             The game lasted 00:07:55 (4352 turns).

whatisthis the Apothecary (Gnoll Alchemist)         Turns: 4352, Time: 00:07:55

Health: -9/44      AC:  2    Str:  7    XL:     6   Next: 84%
Magic:  5/14       EV: 12    Int: 17    God:
Gold:   171        SH:  0    Dex: 12    Spells: 10/16 levels left

rFire   . . .        s - +0 rapier
rCold   . . .        (no shield)
rNeg    . . .        a - +0 robe
rPois   .            (no helmet)
rElec   .            (no cloak)
rCorr   .            (no gloves)
SInv    .            (no boots)
Will    .....        (no amulet)
Stlth   +++          u - ring of flight
HPRegen 0.27/turn    (no ring)
MPRegen 0.14/turn

%: no passive effects
@: flying
A: fangs 1, strong nose, distributed training
a: no special abilities


You were on level 5 of the Dungeon.
You visited 1 branch of the dungeon, and saw 5 of its levels.

You collected 171 gold pieces.

Inventory:

Hand Weapons
 s - a +0 rapier (weapon)
Armour
 a - a +0 robe (worn)
 o - a +0 buckler
Jewellery
 r - a ring of fire
 u - a ring of flight (left hand)
Wands
 m - a wand of mindburst (5)
Scrolls
 c - a scroll of vulnerability {unknown}
 e - 3 scrolls of identify {unknown}
 g - 4 scrolls of immolation {unknown}
 h - a scroll of fear {unknown}
 i - a scroll of amnesia {unknown}
 k - a scroll of silence {unknown}
 n - a scroll of torment {unknown}
 q - 2 scrolls of enchant armour {unknown}
 t - a scroll of teleportation {unknown}
 v - a scroll of blinking {unknown}
Potions
 b - 2 potions of magic
 d - a potion of ambrosia {unknown}
 f - 2 potions of curing {unknown}
 j - a potion of attraction {unknown}
 l - a potion of haste {unknown}
 p - a potion of brilliance {unknown}


   Skills:
 + Level 2.2 Fighting
 + Level 2.2 Short Blades
 + Level 2.2 Long Blades
 + Level 2.2 Axes
 + Level 2.2 Maces & Flails
 + Level 2.2 Polearms
 + Level 2.2 Staves
 + Level 2.2 Ranged Weapons
 + Level 2.2 Throwing
 + Level 2.2 Armour
 + Level 5.1 Dodging
 + Level 4.7 Stealth
 + Level 2.2 Shields
 + Level 2.2 Unarmed Combat
 + Level 5.5 Spellcasting
 + Level 2.8 Conjurations
 + Level 1.8 Hexes
 + Level 1.8 Summonings
 + Level 1.8 Necromancy
 + Level 1.8 Translocations
 + Level 1.8 Fire Magic
 + Level 1.8 Ice Magic
 + Level 1.8 Air Magic
 + Level 1.8 Earth Magic
 + Level 5.7 Alchemy
 + Level 2.4 Invocations
 + Level 2.2 Evocations
 + Level 2.0 Shapeshifting


You had 10 spell levels left.
You knew the following spells:

 Your Spells              Type           Power      Damage    Failure   Level
a - Sting                 Conj/Alch      76%        1d7       2%          1
b - Mercury Vapours       Alch/Air       34%        N/A       4%          2
c - Mephitic Cloud        Conj/Alch/Air  16%        N/A       10%         3

Your spell library contained the following spells:

 Spells                   Type           Power      Damage    Failure   Level
 Magic Dart               Conj           56%        1d5       4%          1
 Slow                     Hex            40%        N/A       6%          1
 Summon Small Mammal      Summ           40%        N/A       6%          1
 Blink                    Tloc           20%        N/A       10%         2
 Call Imp                 Summ           20%        N/A       10%         2
 Olgreb's Toxic Radiance  Alch           24%        N/A       13%         4
 Call Canine Familiar     Summ           10%        N/A       19%         3
 Confusing Touch          Hex            10%        N/A       19%         3
 Vampiric Draining        Necr           10%        2d6       19%         3
 Sticky Flame             Fire/Alch      17%        2d5       28%         4
 Summon Blazeheart Golem  Fire/Summ      10%        N/A       54%         4


Dungeon Overview and Level Annotations

Branches:
Dungeon (5/15)
 Temple: D:4-7

Altars:
Vehumet
Xom

Annotations:
D:5 exclusion: statue


Innate Abilities, Weirdness & Mutations

You have very sharp teeth.
Your uncanny sense of smell can sniff out nearby items.
Your experience applies equally to all skills.


Message History

Aiming: Sting (safe; 2% risk of failure)
Press: ? - help, Q - select action, (/) - cycle Shift-Dir - straight line, f/p - sleepcap
Aim: a sleepcap (moderately damaged, very poisoned, 100% to hit)
The sting hits the sleepcap but does no damage.
The sleepcap looks even sicker.
The sleepcap is moderately damaged.
The sleepcap misses you.
Aiming: Sting (safe; 2% risk of failure)
Press: ? - help, Q - select action, (/) - cycle Shift-Dir - straight line, f/p - sleepcap
Aim: a sleepcap (moderately damaged, very poisoned, 100% to hit)
The sting hits the sleepcap.
The sleepcap partially resists.
The sleepcap looks as sick as possible!
The sleepcap is heavily damaged.
The sleepcap releases spores at you.
You are engulfed in a cloud of soporific spores!
You fall asleep.
The sleepcap releases spores at you but does no damage.
You wake up.
Aiming: Sting (safe; 2% risk of failure)
Press: ? - help, Q - select action, (/) - cycle Shift-Dir - straight line, f/p - sleepcap
Aim: a sleepcap (severely damaged, extremely poisoned, 100% to hit)
The sting hits the sleepcap but does no damage.
The sleepcap looks as sick as possible!
The sleepcap is severely damaged.
The sleepcap releases spores at you. The sleepcap attacks as it pursues you!
The sleepcap releases spores at you.
You destroy the sleepcap!
The white imp gestures at you. The puff of frost hits you!
* * * LOW HITPOINT WARNING * * *
The white imp gestures at you. The puff of frost hits you!
* * * LOW HITPOINT WARNING * * *
There is a stone staircase leading down here.
Aiming: Sting (safe; 2% risk of failure)
Press: ? - help, Q - select action, (/) - cycle Shift-Dir - straight line, f - you
Okay, then.
The white imp gestures at you. The puff of frost hits you!
You die...

########## #...@<...#
#........# #........#
####### #........#
#.....# #........##
#.....#
#........5#####.....#
#........o....#......
#...#########.#......
#...#..... #†.......


You could see a white imp and an orc.

Vanquished Creatures
  A scorpion (D:4)
  2 hounds (D:5)
  An orc priest (D:4)
  An orc wizard (D:3)
  A sleepcap (D:5)
  An iguana (D:3)
  7 adders
  4 gnolls
  A white imp (D:5)
  A ribbon worm (D:4)
  3 dart slugs
  6 orcs
  6 endoplasms
  2 giant cockroaches
  3 goblins
  6 hobgoblins
  3 jackals (D:2)
  4 quokkas
  4 ball pythons
  4 bats
  3 frilled lizards
  6 kobolds
  7 rats
77 creatures vanquished.

Vanquished Creatures (others)
  2 adders (D:3)
  An orc (D:3)
  2 ball pythons (D:3)
  A goblin (D:3)
6 creatures vanquished.

Grand Total: 83 creatures vanquished

Notes
Turn   | Place    | Note
-------+----------+-------------------------------------------
     0 | D:1      | whatisthis the Gnoll Alchemist began the quest for the Orb.
     0 | D:1      | Reached XP level 1. HP: 13/13 MP: 6/6
   325 | D:1      | Reached XP level 2. HP: 15/19 MP: 3/7
   678 | D:1      | Found a faded altar of an unknown god.
  1209 | D:2      | Reached skill level 5 in Spellcasting
  1209 | D:2      | Reached XP level 3. HP: 25/25 MP: 3/9
  1491 | D:2      | Reached skill level 1 in Invocations
  1537 | D:2      | Reached skill level 1 in Fighting
  1537 | D:2      | Reached skill level 1 in Short Blades
  1537 | D:2      | Reached skill level 1 in Long Blades
  1537 | D:2      | Reached skill level 1 in Axes
  1537 | D:2      | Reached skill level 1 in Maces & Flails
  1537 | D:2      | Reached skill level 1 in Polearms
  1537 | D:2      | Reached skill level 1 in Staves
  1537 | D:2      | Reached skill level 1 in Ranged Weapons
  1537 | D:2      | Reached skill level 1 in Throwing
  1537 | D:2      | Reached skill level 1 in Armour
  1537 | D:2      | Reached skill level 1 in Shields
  1537 | D:2      | Reached skill level 1 in Unarmed Combat
  1537 | D:2      | Reached skill level 1 in Evocations
  1808 | D:2      | Reached skill level 1 in Shapeshifting
  1808 | D:2      | Reached XP level 4. HP: 24/32 MP: 4/11
  1892 | D:3      | Learned a level 2 spell: Mercury Vapours
  2101 | D:3      | Reached skill level 1 in Hexes
  2101 | D:3      | Reached skill level 1 in Summonings
  2101 | D:3      | Reached skill level 1 in Necromancy
  2101 | D:3      | Reached skill level 1 in Translocations
  2101 | D:3      | Reached skill level 1 in Fire Magic
  2101 | D:3      | Reached skill level 1 in Ice Magic
  2101 | D:3      | Reached skill level 1 in Air Magic
  2101 | D:3      | Reached skill level 1 in Earth Magic
  2205 | D:3      | Found a shimmering altar of Xom.
  2916 | D:3      | Reached XP level 5. HP: 37/37 MP: 8/12
  3218 | D:4      | Learned a level 3 spell: Mephitic Cloud
  3948 | D:4      | Reached skill level 5 in Dodging
  3948 | D:4      | Reached XP level 6. HP: 44/44 MP: 4/14
  4117 | D:5      | Entered Level 5 of the Dungeon
  4133 | D:5      | Noticed an ice beast
  4188 | D:5      | Found a radiant altar of Vehumet.
  4351 | D:5      | HP: 1/44 [white imp/puff of frost (8)]
  4352 | D:5      | Killed from afar by a white imp

Illustrated notes

Levels and vault maps discovered:
D:1:      minmay_arrival_widening_spiral_wide, layout_loops_corners,
          shapermc_ecumenical_altar_hornbeckon
D:2:      layout_rooms, fountainhead, corexii_shack
D:3:      layout_loops_ring, xom_confusion_cloud, chequers_avenue
D:4:      layout_basic
D:5:      layout_rooms, vehumet_statue, minmay_temple_entry_proselytizer,
          serial_shops, shop_fountains, nrook_loot_triangle

Skill      XL: |  1  2  3  4  5  6 |
---------------+-------------------+-----
Conjurations   | 2 |  2.8
Spellcasting   | 5 |  5.5
Invocations    | 1 2 |  2.4
Fighting       | 1 2 |  2.2
Short Blades   | 1 2 |  2.2
Long Blades    | 1 2 |  2.2
Axes           | 1 2 |  2.2
Maces & Flails | 1 2 |  2.2
Polearms       | 1 2 |  2.2
Staves         | 1 2 |  2.2
Ranged Weapons | 1 2 |  2.2
Throwing       | 1 2 |  2.2
Armour         | 1 2 |  2.2
Shields        | 1 2 |  2.2
Unarmed Combat | 1 2 |  2.2
Evocations     | 1 2 |  2.2
Shapeshifting  | 1 2 |  2.0
Hexes          | 1 |  1.8
Summonings     | 1 |  1.8
Necromancy     | 1 |  1.8
Translocations | 1 |  1.8
Fire Magic     | 1 |  1.8
Ice Magic      | 1 |  1.8
Air Magic      | 1 |  1.8
Earth Magic    | 1 |  1.8
Dodging        | 5 |  5.1
Stealth        | |  4.7
Alchemy        | |  5.7

Action                     |  1- 3 |  4- 6 || total
---------------------------+-------+-------++-------
  Melee: Unarmed           |     3 |       ||     3
         Short sword       |    27 |     4 ||    31
         Bite              |       |     3 ||     3
         Rapier            |       |    42 ||    42
   Cast: Sting             |    59 |    93 ||   152
         Mephitic Cloud    |       |     6 ||     6
         Mercury Vapours   |       |     4 ||     4
   Stab: Sleeping          |     1 |       ||     1
 Armour: Robe              |    16 |    49 ||    65
  Dodge: Dodged            |    19 |    51 ||    70

Table legend: (Time is in decaauts)
 A = Elapsed time spent in this place.
 B = Non-inter-level travel time spent in this place.
 C = Inter-level travel time spent in this place.
 D = Time resting spent in this place.
 E = Time spent auto-exploring this place.
 F = Levels seen in this place.
 G = Mean time per level.
                   A        B        C        D        E       F      G
               +--------+--------+--------+--------+--------+-----+--------+
         Total |   4364 |   4176 |    188 |    420 |   2839 |   5 |  872.8 |
       Dungeon |   4364 |   4176 |    188 |    420 |   2839 |   5 |  872.8 |
               +--------+--------+--------+--------+--------+-----+--------+

Top non-repeatable levels by time:
     D:3: 1218 daAuts
     D:1: 1165 daAuts
     D:4: 1067 daAuts
     D:2: 704 daAuts
     D:5: 209 daAuts
